 Dungeon Crawl Stone Soup version 0.21.1-1-g345015f (webtiles) character file.

45 letownia2 the Conjurer (level 3, -5/19 HPs)
             Began as a Tengu Fire Elementalist on Mar 3, 2018.
             Killed from afar by Jessica (9 damage)
             ... with a wand of flame (19)
             ... on level 2 of the Dungeon.
             The game lasted 00:03:10 (517 turns).

letownia2 the Conjurer (Tengu Fire Elementalist)     Turns: 517, Time: 00:03:11

Health: -5/19      AC:  3    Str:  8    XL:     3   Next: 64%
Magic:  1/7        EV: 12    Int: 16    God:
Gold:   33         SH:  0    Dex: 14    Spells: 5/6 levels left

rFire    . . .     SeeInvis .   k - +0 dagger
rCold    . . .     Gourm    .   (no shield)
rNeg     . . .     Faith    .   i - +0 leather armour
rPois    .         Spirit   .   (helmet restricted)
rElec    .         Reflect  .   (no cloak)
rCorr    .         Harm     .   (no gloves)
MR       .....                  (boots unavailable)
Stlth    ++........             (no amulet)
HPRegen  0.06/turn              (no ring)
MPRegen  0.10/turn              (no ring)

@: no status effects
A: beak, talons 3
a: no special abilities


You were on level 2 of the Dungeon.
You were not hungry.

You visited 1 branch of the dungeon, and saw 2 of its levels.

You collected 33 gold pieces.

Inventory:

Hand Weapons
 k - a +0 dagger (weapon)
Missiles
 j - 5 tomahawks (quivered)
Armour
 a - a +0 robe
 i - a +0 leather armour (worn)
Scrolls
 f - a scroll of identify {unknown}
 h - a scroll of teleportation {unknown}
Potions
 d - a potion of curing {unknown}
 e - a potion of degeneration {unknown}
 g - 2 potions of brilliance {unknown}
Books
 b - a book of Flames

   Spells                             Type                      Level
   a - Flame Tongue                   Conjuration/Fire             1
   b - Throw Flame                    Conjuration/Fire             2
   c - Conjure Flame                  Conjuration/Fire             3
   d - Inner Flame                    Hexes/Fire                   3
   e - Sticky Flame                   Conjuration/Fire             4
   f - Fireball                       Conjuration/Fire             5
Comestibles
 c - 2 rations


   Skills:
 - Level 2.1 Dodging
 - Level 2.0 Stealth
 - Level 2.0 Spellcasting
 + Level 4.6 Conjurations
 - Level 3.2 Fire Magic


You had 5 spell levels left.
You knew the following spells:

 Your Spells              Type           Power        Failure   Level  Hunger
a - Flame Tongue          Conj/Fire      ##...        6%          1    #......


Dungeon Overview and Level Annotations

Branches:
Dungeon (2/15)

Altars:
Okawaru

Annotations:
D:2 Jessica


Innate Abilities, Weirdness & Mutations

You have a beak for a mouth.
You have claws for feet.


Message History

Jessica seems to speed up.
Jessica grins evilly.
There are no items here.
Throwing (i - inventory):
j - 6 tomahawks (quivered)
Press: ? - help, Shift-Dir - straight line, f - Jessica
Aim: Jessica, wielding a dagger and wearing a robe (fast)
You throw a tomahawk. The tomahawk closely misses Jessica.
Jessica mumbles some strange words.
Jessica blinks!
Unknown command.
Jessica casts a spell at you. Pain shoots through your body!
* * * LOW HITPOINT WARNING * * *
Jessica gestures at you while chanting. Pain shoots through your body!
* * * LOW HITPOINT WARNING * * *
The goblin hits you but does no damage.
Unknown command.
Jessica zaps a wand.
The puff of flame hits you!
You die...

##..........#
...........#
##.........#
..........##8...8#
####.$##.).##.....##
...#..(.#.#8.....8#
#.####.####.....#
#..###(..##8...8#
#.@@g.).# ##>##
####.).†##########
##...(........#
#....<.....#.#
#..........###
#.......(..#
#..........#
#..........#
############


You could see Jessica and a goblin.

Vanquished Creatures
  Robin (D:2)
  A dart slug (D:1)
  A leopard gecko (D:2)
  4 bats (D:1)
  A giant cockroach (D:2)
  4 hobgoblins
  A jackal (D:1)
  A ball python (D:1)
  A frilled lizard (D:1)
  11 goblins
  A kobold (D:1)
27 creatures vanquished.

Vanquished Creatures (others)
  A goblin (D:1)
  A rat (D:1)
2 creatures vanquished.

Grand Total: 29 creatures vanquished

Notes
Turn   | Place    | Note
-------+----------+-------------------------------------------
     0 | D:1      | letownia2 the Tengu Fire Elementalist began the quest for the Orb.
     0 | D:1      | Reached XP level 1. HP: 10/10 MP: 4/4
    59 | D:1      | Reached skill level 2 in Conjurations
   104 | D:1      | Reached XP level 2. HP: 15/15 MP: 0/6
   113 | D:2      | Found an iron altar of Okawaru.
   149 | D:1      | Reached skill level 3 in Conjurations
   393 | D:2      | Noticed Robin
   410 | D:2      | Killed Robin
   410 | D:2      | Reached skill level 4 in Conjurations
   410 | D:2      | Reached XP level 3. HP: 18/19 MP: 3/7
   507 | D:2      | Noticed Jessica
   517 | D:2      | Killed from afar by Jessica

Skill      XL: |  1  2 |
---------------+-------+-----
Conjurations   | 2 4 |  4.6
Dodging        | |  2.1
Stealth        | |  2.0
Spellcasting   | |  2.0
Fire Magic     | |  3.2

Action                   || total
-------------------------++-------
Melee: Unarmed           ||     7
       Dagger            ||     8
       Kick              ||     1
       Peck              ||     1
Throw: Tomahawk          ||     7
 Cast: Flame Tongue      ||    42
Armor: Robe              ||     1
       Leather armour    ||    15
Dodge: Dodged            ||    25
